[Event "*** SCC Grand Prix: Titled Tuesday Blitz"]
[Site "Chess.com"]
[Date "2020.09.08"]
[Round "4"]
[White "xamax2000"]
[Black "MarkoPe"]
[Result "1-0"]
[WhiteElo "2677"]
[BlackElo "2169"]
[TimeControl "180+1"]
[EndTime "10:38:09 PDT"]
[Termination "xamax2000 won by resignation"]

1. d4 d5 2. c4 e6 3. Nc3 c6 4. e4 dxe4 5. Nxe4 Bb4+ 6. Nc3 c5 7. Nf3 Nf6 8. Be3 O-O 9. Be2 Nc6 10. O-O cxd4 11.
Nxd4 Bd7 12. Bf3 Rc8 13. Ndb5 a6 14. Nd6 Rb8 15. c5 Qc7 16. Rc1 Ne5 17. Nce4 Nxf3+ 18. Qxf3 Nxe4 19. Qxe4 Ba5 20. b4 Bb6 21. Bf4 Ba7 22.
Nxf7 Qxf4 23. Qxf4 Rxf7 24. Qd6 Rbf8 25. Rcd1 Bb8 26. Qxd7 Rxd7 27. Rxd7 1-0

[Event "*** SCC Grand Prix: Titled Tuesday Blitz"]
[Site "Chess.com"]
[Date "2020.09.08"]
[Round "4"]
[White "Synctel"]
[Black "CakeinSpace2002"]
[Result "0-1"]
[WhiteElo "1985"]
[BlackElo "2255"]
[TimeControl "180+1"]
[EndTime "10:38:10 PDT"]
[Termination "CakeinSpace2002 won by resignation"]

1. e4 c6 2. d4 d5 3. e5 Bf5 4.
h4 h5 5. Bg5 Qb6 6. Bd3 Bxd3 7.
Qxd3 e6 8. Nd2 Qa6 9. c4 dxc4 10. Nxc4 Bb4+ 11. Ke2 Nh6 12. Bxh6 Rxh6 13. Nf3 Nd7 14. a3 Be7 15. g3 Nb6 16. Nfd2 Nd5 17. Ne4 O-O-O 18.
Ncd6+ Bxd6 19. Qxa6 bxa6 20. Nxd6+ Rxd6 21. exd6 Kd7 22.
Rac1 Rh8 23. f3 Rb8 24. Rc2 Kxd6 25. Rhc1 Rb6 26. Kf2 Ne7 27. g4 g6 28. Kg3 Rb3 29.
Rd1 a5 30. Rdd2 a4 31. Kf4 Nd5+ 32. Kg3 hxg4 33. Kxg4 Ne3+ 34. Kg5 Nxc2 35. Rxc2 Rd3 36. Rf2 Ke7 37. h5 gxh5 38. Kxh5 Rxd4 39. f4 0-1

[Event "*** SCC Grand Prix: Titled Tuesday Blitz"]
[Site "Chess.com"]
[Date "2020.09.08"]
[Round "4"]
[White "novocane"]
[Black "TudorAnton"]
[Result "0-1"]
[WhiteElo "2302"]
[BlackElo "2563"]
[TimeControl "180+1"]
[EndTime "10:38:13 PDT"]
[Termination "TudorAnton won on time"]

1. d4 g6 2. e4 Bg7 3. f3 c6 4. c3 d5 5. e5 h5 6. f4 Nh6 7. Nf3 Bg4 8. Be2 Nf5 9. O-O e6 10.
Qd3 Nd7 11. Be3 Nxe3 12. Qxe3 Qb6 13. Nbd2 Bh6 14. h3 Bxf3 15. Nxf3 c5 16. dxc5 Nxc5 17. Nd4 Ne4 18. Bb5+ Kf8 19. Kh2 h4 20. Bd3 Ng3 21.
Rf3 Qxb2 22. Rb1 Qxc3 23. Rxb7 Nf5 24. Bxf5 Qxe3 25. Bxg6 Bxf4+ 0-1

[Event "*** SCC Grand Prix: Titled Tuesday Blitz"]
[Site "Chess.com"]
[Date "2020.09.08"]
[Round "4"]
[White "Susal_De_Silva"]
[Black "JonahWillow"]
[Result "1-0"]
[WhiteElo "2502"]
[BlackElo "2681"]
[TimeControl "180+1"]
[EndTime "10:38:15 PDT"]
[Termination "Susal_De_Silva won on time"]

1. e4 c5 2. Nf3 Nc6 3. Bb5 g6 4.
Bxc6 dxc6 5. d3 Bg7 6. h3 e5 7. O-O Ne7 8. Nc3 h6 9. Be3 b6 10. a4 a5 11. Nh2 g5 12. g4 O-O 13. Ne2 Ng6 14. Ng3 Nf4 15. Nf5 Nxh3+ 16. Kg2 Nf4+ 17. Bxf4 exf4 18. Nf3 Bxf5 19. exf5 Bxb2 20. Rb1 Bg7 21. Nd2 Rb8 22. Ne4 Re8 23. Qf3 Qd4 24. Rh1 c4 25. f6 cxd3 26. cxd3 Bf8 27. Rh5 Qd5 28. Rbh1 Re5 29. Rxh6 Bxh6 30. Rxh6 Rxe4 31. dxe4 Qe6 32. Qh3 Qxe4+ 33. Kh2 1-0

[Event "*** SCC Grand Prix: Titled Tuesday Blitz"]
[Site "Chess.com"]
[Date "2020.09.08"]
[Round "4"]
[White "uthoang"]
[Black "geordie_derraugh"]
[Result "1-0"]
[WhiteElo "2272"]
[BlackElo "2399"]
[TimeControl "180+1"]
[EndTime "10:38:16 PDT"]
[Termination "uthoang won by resignation"]

1. d4 Nf6 2. Nf3 e6 3. g3 d5 4. Bg2 g6 5. O-O Bg7 6. b3 O-O 7. Bb2 c5 8. Nbd2 Nc6 9. e3 Ne4 10. c3 Nxd2 11. Qxd2 Qb6 12. Rfd1 Bd7 13. Rac1 a5 14.
dxc5 Qxc5 15. c4 Qb4 16. Bxg7 Qxd2 17. Nxd2 Kxg7 18. cxd5 exd5 19. Bxd5 Nb4 20. Bxb7 Rab8 21. Bg2 Nxa2 22. Rc7 Be6 23. Ra7 Rb5 24. Ra1 Nc3 25. R7xa5 Rb4 26. Rc5 Nd5 27. Bxd5 1-0

[Event "*** SCC Grand Prix: Titled Tuesday Blitz"]
[Site "Chess.com"]
[Date "2020.09.08"]
[Round "4"]
[White "BJthechessgod"]
[Black "kot60"]
[Result "0-1"]
[WhiteElo "2224"]
[BlackElo "2414"]
[TimeControl "180+1"]
[EndTime "10:38:17 PDT"]
[Termination "kot60 won by resignation"]

1. e4 e5 2. Nf3 Nc6 3. Bc4 Be7 4. Nc3 Nf6 5. O-O d6 6. d3 O-O 7. Bg5 h6 8. Bxf6 Bxf6 9. Nd5 Be6 10. Qd2 Bg4 11.
c3 Bxf3 12. gxf3 Bg5 13. Qe2 Ne7 14. Nxe7+ Qxe7 15. Kh1 Bf4 16. Rg1 Kh8 17. Qf1 f5 18. Qg2 fxe4 19. fxe4 Bg5 20. Raf1 Rf4 21. Qh3 Raf8 22.
f3 Rh4 23. Qg3 Bf4 24. Qf2 Rxh2+ 25. Qxh2 Bxh2 26. Kxh2 Qh4+ 27. Kg2 Rf6 28. Rf2 Rg6+ 29. Kf1 Qh3+ 30. Ke2 Rxg1 31. d4 Qh1 32. Kd2 Rg2 33.
Rxg2 Qxg2+ 34. Ke3 Qxb2 35. Kd3 h5 36. dxe5 dxe5 37. f4 exf4 38. e5 f3 39. e6 Qe2+ 40. Kd4 Qe1 41. e7 Qxe7 0-1

[Event "*** SCC Grand Prix: Titled Tuesday Blitz"]
[Site "Chess.com"]
[Date "2020.09.08"]
[Round "4"]
[White "el-roedor"]
[Black "Keures"]
[Result "0-1"]
[WhiteElo "2546"]
[BlackElo "2355"]
[TimeControl "180+1"]
[EndTime "10:38:18 PDT"]
[Termination "Keures won by resignation"]

1. d4 Nf6 2. c4 e6 3. Nc3 d5 4.
cxd5 exd5 5. Bg5 Be7 6. e3 O-O 7. Bd3 c6 8. Nf3 Nbd7 9. h3 Re8 10. O-O Nf8 11. Qc2 Ng6 12. Rab1 a5 13. a3 Ne4 14.
Bxe7 Qxe7 15. Bxe4 dxe4 16. Nd2 f5 17. f4 exf3 18.
Rxf3 Qg5 19. Qd3 Nh4 20. Rf2 Rxe3 21. Qc4+ Be6 22. Qc5 Rg3 23. Kh1 Nxg2 24. Kh2 Nf4 0-1

[Event "*** SCC Grand Prix: Titled Tuesday Blitz"]
[Site "Chess.com"]
[Date "2020.09.08"]
[Round "4"]
[White "leejunhyeok"]
[Black "RobPeresian"]
[Result "0-1"]
[WhiteElo "2645"]
[BlackElo "2366"]
[TimeControl "180+1"]
[EndTime "10:38:19 PDT"]
[Termination "RobPeresian won by resignation"]

1. e4 e5 2. Nf3 Nc6 3. d4 exd4 4. Nxd4 Nf6 5. Nxc6 bxc6 6. Bd3 d5 7. exd5 cxd5 8.
O-O Be7 9. c4 O-O 10. cxd5 Nxd5 11. Be4 c6 12. Re1 Be6 13. Qc2 g6 14. Bh6 Re8 15. Qxc6 Bf6 16. Nc3 Rc8 17. Qa4 Nxc3 18. bxc3 Bxc3 19. Rad1 Qh4 20. Bd2 Bxd2 21. Rxd2 Bf5 22.
Rd4 Rxe4 23. Rdxe4 Qxe4 24. Qa5 Qd4 25. h3 Rc2 26. Rf1 Bd3 0-1

[Event "*** SCC Grand Prix: Titled Tuesday Blitz"]
[Site "Chess.com"]
[Date "2020.09.08"]
[Round "4"]
[White "BogdanDeac"]
[Black "Sanyura"]
[Result "1-0"]
[WhiteElo "2921"]
[BlackElo "2545"]
[TimeControl "180+1"]
[EndTime "10:38:20 PDT"]
[Termination "BogdanDeac won by resignation"]

1. e4 c6 2. Nf3 d5 3. d3 dxe4 4. dxe4 Qxd1+ 5. Kxd1 Nd7 6. Nbd2 Ngf6 7. Ne1 g6 8. Nd3 Bg7 9. f3 O-O 10. a4 Nh5 11. c3 Ne5 12. Kc2 f5 13. Nxe5 Bxe5 14. Nc4 Bg7 15. Bd3 Be6 16. exf5 gxf5 17. Re1 Kf7 18. Ne5+ Bxe5 19. Rxe5 Rg8 20. g4 Kf6 21. Rxe6+ Kxe6 22. Bc4+ Kf6 23. Bxg8 Rxg8 24. gxh5 Rg2+ 25. Kd3 Rxh2 26. Be3 e5 27. Bxa7 Rxb2 28. Re1 Ra2 29. Bb8 Rxa4 30. Bxe5+ Kg5 31. Rg1+ Kxh5 32. Rg7 b5 33.
Rxh7+ Kg5 34. Rg7+ Kh6 35. Rc7 Rc4 36. Rd7 Kg5 37.
Rd4 Rc5 38. Bd6 1-0

[Event "*** SCC Grand Prix: Titled Tuesday Blitz"]
[Site "Chess.com"]
[Date "2020.09.08"]
[Round "4"]
[White "Gusarov91"]
[Black "stepanosinovsky"]
[Result "1-0"]
[WhiteElo "2626"]
[BlackElo "2346"]
[TimeControl "180+1"]
[EndTime "10:38:21 PDT"]
[Termination "Gusarov91 won by resignation"]

1. d4 Nf6 2. Nf3 g6 3. c4 Bg7 4. Nc3 O-O 5. Bg5 d6 6. e3 Nbd7 7. Be2 h6 8. Bh4 c5 9. d5 a6 10.
a4 Qa5 11. O-O Re8 12. Nd2 Ne5 13. Bg3 Qb4 14. Bxe5 dxe5 15. a5 e4 16. Qc2 Bd7 17. Ra3 b5 18. Na2 bxc4 19. Nxb4 cxb4 20. Raa1 c3 21.
bxc3 bxc3 22. Nxe4 Nxd5 23. Bc4 Bc6 24. Bxd5 Bxd5 25.
Nxc3 Rec8 26. Ra3 Rc5 27. Qd2 Bc4 28. Rb1 Rac8 29. h3 Be6 30. Na4 Rc2 31. Qe1 R8c5 32. Nxc5 1-0

[Event "*** SCC Grand Prix: Titled Tuesday Blitz"]
[Site "Chess.com"]
[Date "2020.09.08"]
[Round "4"]
[White "mishanick"]
[Black "dretch"]
[Result "1-0"]
[WhiteElo "3009"]
[BlackElo "2776"]
[TimeControl "180+1"]
[EndTime "10:38:23 PDT"]
[Termination "mishanick won by resignation"]

1. d4 d5 2. c4 c6 3. Nf3 Nf6 4. Nc3 dxc4 5. a4 Bf5 6. Ne5 Nbd7 7. Nxc4 Nb6 8. e3 e6 9. Qb3 Rb8 10. a5 Nxc4 11. Bxc4 Bd6 12. f3 Bg6 13. e4 Bc7 14.
Be3 Bxa5 15. O-O O-O 16. Rfd1 Re8 17. Bf4 Bb6 18. Bxb8 Qxb8 19. Kh1 Bc7 20. e5 Nd7 21. Bd3 Bxd3 22. Rxd3 c5 23. f4 Rc8 24. Qb5 cxd4 25.
Qxd7 dxc3 26. Rxc3 1-0

[Event "*** SCC Grand Prix: Titled Tuesday Blitz"]
[Site "Chess.com"]
[Date "2020.09.08"]
[Round "4"]
[White "ShahMatKanal"]
[Black "bascheyaro"]
[Result "0-1"]
[WhiteElo "2542"]
[BlackElo "2747"]
[TimeControl "180+1"]
[EndTime "10:38:29 PDT"]
[Termination "bascheyaro won by resignation"]

1. d4 d5 2. c4 c6 3. Nf3 Nf6 4. e3 Bf5 5. Bd3 Bg6 6. Nc3 e6 7. Ne5 Nbd7 8. Nxg6 hxg6 9. cxd5 exd5 10. Qf3 Bd6 11. Bd2 Qe7 12. O-O-O O-O-O 13. Kb1 Kb8 14. h3 Bb4 15. Rc1 Rde8 16. Rhd1 Bxc3 17. Bxc3 Ne4 18.
Bxe4 Qxe4+ 19. Qxe4 Rxe4 20. Bb4 Kc7 21. Bd2 f5 22. b3 Nf6 23. Ba5+ Kd7 24. Rc2 g5 25.
Bc3 g4 26. hxg4 Rxg4 27. g3 Rh2 28. Be1 Rg6 29. f3 Rh1 30. Kc1 Rgh6 31. Re2 Rf1 32. Bf2 Rhh1 33. Ree1 Rxe1 34. Rxe1 Rh2 35. Re2 g5 36.
Kd2 g4 37. f4 Ne4+ 38. Ke1 Rh1+ 0-1

[Event "*** SCC Grand Prix: Titled Tuesday Blitz"]
[Site "Chess.com"]
[Date "2020.09.08"]
[Round "4"]
[White "Butterfly"]
[Black "DanielDardha2005"]
[Result "1-0"]
[WhiteElo "2480"]
[BlackElo "2652"]
[TimeControl "180+1"]
[EndTime "10:38:30 PDT"]
[Termination "Butterfly won on time"]

1. d4 Nf6 2. Nf3 b6 3. g3 Bb7 4. Bg2 g6 5. O-O Bg7 6. c4 O-O 7. d5 e6 8. Nc3 exd5 9. cxd5 Re8 10. Re1 Na6 11. e4 Nc5 12. e5 Ng4 13. Bf4 f6 14. exf6 Rxe1+ 15. Qxe1 Qxf6 16. Qd2 Qd8 17. Re1 Nf6 18.
Ne5 a5 19. Nb5 Rc8 20. d6 1-0

[Event "*** SCC Grand Prix: Titled Tuesday Blitz"]
[Site "Chess.com"]
[Date "2020.09.08"]
[Round "4"]
[White "kosya4ok"]
[Black "woodpusher52"]
[Result "1-0"]
[WhiteElo "2676"]
[BlackElo "2472"]
[TimeControl "180+1"]
[EndTime "10:38:32 PDT"]
[Termination "kosya4ok won on time"]

1. e4 e5 2. Nf3 Nc6 3. Bb5 Nf6 4. Nc3 Bb4 5. O-O O-O 6. d3 d6 7. Bg5 Bxc3 8. bxc3 h6 9. Bh4 g5 10. Nxg5 hxg5 11.
Bxg5 d5 12. f4 dxe4 13. Bxc6 bxc6 14. fxe5 Nh7 15. Bxd8 Rxd8 16. Qh5 Be6 17. Rf6 exd3 18. Rh6 dxc2 19. Rxh7 Rd1+ 20. Kf2 Rd2+ 21. Ke3 1-0

[Event "*** SCC Grand Prix: Titled Tuesday Blitz"]
[Site "Chess.com"]
[Date "2020.09.08"]
[Round "4"]
[White "poppy73"]
[Black "Schandenfreude"]
[Result "0-1"]
[WhiteElo "2258"]
[BlackElo "2518"]
[TimeControl "180+1"]
[EndTime "10:38:35 PDT"]
[Termination "Schandenfreude won by resignation"]

1. e4 c5 2. Nf3 d6 3. d4 cxd4 4. Nxd4 Nf6 5. Nc3 a6 6. h3 g6 7. g4 Bg7 8. Bg2 O-O 9. O-O Nc6 10. Be3 Bd7 11. Nxc6 Bxc6 12. g5 Nd7 13. f4 Rc8 14. Qd2 Re8 15. Rad1 Qa5 16. a3 Bxc3 17. bxc3 Bb5 18. Bd4 Bxf1 19. Bxf1 e5 20. fxe5 Nxe5 21. Bxe5 Qxe5 22. c4 Qxe4 23. Qxd6 Qe3+ 24. Kh1 Qxg5 25. Bg2 Rcd8 0-1

[Event "*** SCC Grand Prix: Titled Tuesday Blitz"]
[Site "Chess.com"]
[Date "2020.09.08"]
[Round "4"]
[White "ArjunErigaisi2003"]
[Black "Vsevolod_Ovchinnikov"]
[Result "1-0"]
[WhiteElo "3043"]
[BlackElo "2562"]
[TimeControl "180+1"]
[EndTime "10:38:39 PDT"]
[Termination "ArjunErigaisi2003 won by checkmate"]

1. b3 Nf6 2. Bb2 g6 3. g3 Bg7 4. Bg2 O-O 5. Nf3 d5 6. O-O c6 7. c4 Bf5 8. d4 Nbd7 9. Nbd2 h6 10. Nh4 Be6 11. Qc2 Rc8 12. Rfe1 c5 13. dxc5 Nxc5 14.
Rad1 dxc4 15. Nxc4 Qe8 16. Qb1 Bxc4 17. bxc4 b6 18.
Bd4 Ne6 19. Bxf6 Bxf6 20. Nxg6 fxg6 21. Bd5 Kg7 22. Bxe6 Rc7 23. Rd3 Qc6 24. Bd5 Qc5 25. Rf3 Qd4 26. Rd1 Qb2 27. Qe4 Qxa2 28. c5 Qa5 29. c6 Qc5 30. Kg2 a5 31. Qg4 Rxc6 32. Be4 g5 33. Qh5 Be5 34. Rxf8 Kxf8 35. Rd8+ Kg7 36.
Qe8 Rf6 37. Qg8# 1-0

[Event "*** SCC Grand Prix: Titled Tuesday Blitz"]
[Site "Chess.com"]
[Date "2020.09.08"]
[Round "4"]
[White "Margency"]
[Black "Rap_woyska"]
[Result "1-0"]
[WhiteElo "2662"]
[BlackElo "2350"]
[TimeControl "180+1"]
[EndTime "10:38:40 PDT"]
[Termination "Margency won on time"]

1. e4 e6 2. d4 d5 3. Nc3 Nf6 4. Bg5 dxe4 5. Nxe4 Be7 6. Bxf6 gxf6 7.
Qd3 Nc6 8. O-O-O Nb4 9. Qb3 Qd5 10. Nc3 Qxb3 11. axb3 c6 12. g3 Nd5 13. Bg2 a5 14. Nge2 Bd7 15. Kb1 b5 16. Rhe1 O-O 17.
Nc1 Nxc3+ 18. bxc3 a4 19. b4 Bd6 20. Nd3 Rac8 21.
Rd2 Kg7 22. f4 f5 23. Ne5 Bxe5 24. Rxe5 Rc7 25. Rc5 Rfc8 26. Kb2 Kf6 27. c4 Ke7 28. Ka3 Kd6 29. c3 h5 30. Bf3 1-0

[Event "*** SCC Grand Prix: Titled Tuesday Blitz"]
[Site "Chess.com"]
[Date "2020.09.08"]
[Round "4"]
[White "mmaks007"]
[Black "Manukyan_Artak"]
[Result "1-0"]
[WhiteElo "2250"]
[BlackElo "2401"]
[TimeControl "180+1"]
[EndTime "10:38:41 PDT"]
[Termination "mmaks007 won by resignation"]

1. e4 c5 2. Nf3 a6 3. c4 Nc6 4. d4 cxd4 5. Nxd4 g6 6. Nc3 Bg7 7. Be3 d6 8. Qd2 Nf6 9. Be2 Ng4 10. Bxg4 Bxg4 11. f3 Bd7 12. O-O O-O 13. Rac1 Rc8 14.
Nd5 Be6 15. b3 Bxd5 16. exd5 Nxd4 17. Bxd4 Bxd4+ 18. Qxd4 Qc7 19. h4 Qc5 20. Rcd1 Qxd4+ 21. Rxd4 b5 22. Re1 bxc4 23. Rxc4 Rxc4 24. bxc4 Re8 25. Kf2 Kf8 26. Ke3 Rb8 27. Re2 h5 28. Kd4 Ke8 29.
g4 hxg4 30. fxg4 Kd7 31. h5 gxh5 32. gxh5 Rh8 33. Rh2 Ke8 34. c5 dxc5+ 35. Kxc5 Kf8 36. h6 f6 37. Kb6 Kf7 38. h7 Kg6 39. Kxa6 Rxh7 40.
Rxh7 Kxh7 41. Kb5 f5 42. a4 f4 43. Kc4 Kg6 44. a5 Kf5 45. Kd3 Kg4 46. Ke2 Kg3 47. Kf1 1-0

[Event "*** SCC Grand Prix: Titled Tuesday Blitz"]
[Site "Chess.com"]
[Date "2020.09.08"]
[Round "4"]
[White "Tenamu"]
[Black "Pertinhez76"]
[Result "1-0"]
[WhiteElo "2372"]
[BlackElo "2089"]
[TimeControl "180+1"]
[EndTime "10:38:41 PDT"]
[Termination "Tenamu won by resignation"]

1. d4 Nf6 2. Nc3 d5 3. Bf4 c5 4. e3 cxd4 5. exd4 Nc6 6. Nb5 e5 7. Bxe5 Qa5+ 8. c3 Nxe5 9. dxe5 Nd7 10. Qxd5 Qb6 11. Bc4 Qg6 12. Nc7+ Kd8 13. Nxa8 Bc5 14. Ne2 Re8 15. f4 Qc2 16. Rd1 Be3 17. Bb5 Re7 18. Qd3 Qxd3 19. Rxd3 Bxf4 20. Bxd7 Bxd7 21. Nxf4 Rxe5+ 22. Kf2 Rf5 23. Ke3 Kc8 24. Rhd1 Re5+ 25. Kf2 Re7 26. Nd5 Re6 27. Ndb6+ axb6 28. Rxd7 Kb8 29. Rd8+ Ka7 30. Nc7 Rf6+ 31. Ke3 b5 32. Ra8+ Kb6 33. Nd5+ Kc5 34. Nxf6 gxf6 35. b4+ 1-0

[Event "*** SCC Grand Prix: Titled Tuesday Blitz"]
[Site "Chess.com"]
[Date "2020.09.08"]
[Round "4"]
[White "LawrenceTrent"]
[Black "RaunakSadhwani2005"]
[Result "0-1"]
[WhiteElo "2532"]
[BlackElo "2862"]
[TimeControl "180+1"]
[EndTime "10:38:42 PDT"]
[Termination "RaunakSadhwani2005 won by resignation"]

1. f4 d5 2. b3 Nf6 3. Bb2 g6 4.
Nf3 Bg7 5. e3 O-O 6. Be2 c5 7.
O-O Nc6 8. Ne5 d4 9. Nxc6 bxc6 10.
Bf3 Nd5 11. exd4 Nxf4 12. Bxc6 Bxd4+ 13. Bxd4 Qxd4+ 14. Kh1 Ba6 15. c3 Qd6 16. Bxa8 Bxf1 17. Qxf1 Rxa8 18. Qf3 Rd8 19. g3 Ne6 20. Qe3 Qd5+ 21.
Kg1 Ng5 22. h4 Nf3+ 23. Kf2 Ne5 24. Kg1 h5 25. Na3 Ng4 26. Qe2 Qxd2 27. Qxd2 Rxd2 28. Nb5 e5 29. Re1 Rxa2 30. Nc7 f5 31. Ne6 e4 32. Nxc5 Ne5 33. Rd1 Nf3+ 34. Kf1 e3 35. Rd8+ Kf7 36. Nd3 e2+ 0-1

[Event "*** SCC Grand Prix: Titled Tuesday Blitz"]
[Site "Chess.com"]
[Date "2020.09.08"]
[Round "4"]
[White "boasovietica"]
[Black "Alindsay211"]
[Result "1-0"]
[WhiteElo "2493"]
[BlackElo "2319"]
[TimeControl "180+1"]
[EndTime "10:38:42 PDT"]
[Termination "boasovietica won on time"]

1. e4 c5 2. Nf3 d6 3. d4 cxd4 4. Nxd4 Nf6 5. Nc3 Nc6 6. Nb3 e6 7. Bd3 Be7 8. f4 e5 9. f5 d5 10. Qf3 dxe4 11. Nxe4 O-O 12. O-O Nd4 13. Nxd4 exd4 14.
Nxf6+ Bxf6 15. Bd2 Qb6 16. b3 Bd7 17. g4 Bc6 18. Qg3 h6 19. h4 Qd8 20. g5 hxg5 21.
hxg5 Be7 22. f6 Bd6 23. Qh4 Re8 24. Qh7+ 1-0

[Event "*** SCC Grand Prix: Titled Tuesday Blitz"]
[Site "Chess.com"]
[Date "2020.09.08"]
[Round "4"]
[White "Bodnar_Mykola"]
[Black "BocharovD"]
[Result "0-1"]
[WhiteElo "2523"]
[BlackElo "2796"]
[TimeControl "180+1"]
[EndTime "10:38:44 PDT"]
[Termination "BocharovD won by resignation"]

1. e4 c5 2. Nf3 d6 3. d4 cxd4 4. Nxd4 Nf6 5. Nc3 a6 6. Bg5 Nbd7 7. f4 Qc7 8. Qe2 e6 9. O-O-O Be7 10. g4 b5 11. Bxf6 Bxf6 12. g5 Be7 13. f5 Bxg5+ 14. Kb1 Nf6 15. Qg2 Bh6 16. e5 Bb7 17. Ndxb5 axb5 18. Bxb5+ Kf8 19. Qg3 dxe5 20. Rhf1 Bf4 21. Qh3 exf5 22.
Qxf5 Rd8 23. Rxd8+ Qxd8 24. Rd1 Qe7 25. Qd3 g6 26. a4 Kg7 27. a5 e4 28. Qd4 Be5 29. Qb6 Rb8 30. Qa7 Qb4 0-1

[Event "*** SCC Grand Prix: Titled Tuesday Blitz"]
[Site "Chess.com"]
[Date "2020.09.08"]
[Round "4"]
[White "Ave_Mariia"]
[Black "VladimirBugayev"]
[Result "1-0"]
[WhiteElo "2451"]
[BlackElo "2274"]
[TimeControl "180+1"]
[EndTime "10:38:46 PDT"]
[Termination "Ave_Mariia won on time"]

1. d4 d5 2. c4 c6 3. Nf3 Nf6 4.
Qc2 a6 5. e3 g6 6. Bd3 Bg7 7. O-O O-O 8. Nc3 Bg4 9. Ne5 Be6 10.
b3 b5 11. f4 dxc4 12. bxc4 c5 13. d5 bxc4 14. dxe6 cxd3 15. exf7+ Kh8 16. Qd2 c4 17. Nxc4 Nc6 18. Bb2 Rxf7 19. Ne5 Qe8 20. Nxf7+ Qxf7 21. Qxd3 Nb4 22. Qe2 a5 23. a3 Nc6 24. Rfd1 Qe6 25. e4 Nd4 26. Rxd4 Qb6 27. Rd1 Ng4 28. e5 1-0

[Event "*** SCC Grand Prix: Titled Tuesday Blitz"]
[Site "Chess.com"]
[Date "2020.09.08"]
[Round "4"]
[White "ChessWarrior7197"]
[Black "K_A_S_T_O_R"]
[Result "1-0"]
[WhiteElo "2946"]
[BlackElo "2761"]
[TimeControl "180+1"]
[EndTime "10:38:48 PDT"]
[Termination "ChessWarrior7197 won by resignation"]

1. e4 c5 2. Nf3 d6 3. d4 cxd4 4.
Qxd4 Nc6 5. Qe3 g6 6. Be2 Bg7 7.
O-O Bg4 8. c4 Bxf3 9. Bxf3 Nf6 10. Nc3 Nd7 11. Rd1 O-O 12. Be2 Qb6 13. Rb1 Qxe3 14. Bxe3 Bxc3 15. bxc3 b6 16. f4 Rfd8 17. Rb5 Rac8 18. Kf2 Na5 19. e5 Nxc4 20. Bxc4 Rxc4 21. exd6 e6 22. Bd4 Rdc8 23. Rb4 R4c6 24. Ra4 a5 25.
Be3 Rxc3 26. Rd2 R8c4 27. Rxc4 Rxc4 28. g4 f6 29. h4 Kf7 30. g5 e5 31. gxf6 exf4 32.
Bd4 Rc6 33. Bb2 Ke6 34. Re2+ Kxd6 35. f7 b5 36. Rd2+ 1-0

[Event "*** SCC Grand Prix: Titled Tuesday Blitz"]
[Site "Chess.com"]
[Date "2020.09.08"]
[Round "4"]
[White "shnitez"]
[Black "indfraeng"]
[Result "1-0"]
[WhiteElo "2525"]
[BlackElo "2332"]
[TimeControl "180+1"]
[EndTime "10:38:48 PDT"]
[Termination "shnitez won by resignation"]

1. c4 c5 2. Nf3 Nf6 3. d4 cxd4 4. Nxd4 Nc6 5. Nc3 g6 6. e4 Bg7 7. Be2 O-O 8. Be3 d6 9. O-O Bd7 10. h3 Rc8 11. b3 Ne5 12. f4 Nc6 13. Bf3 a5 14.
Ndb5 Nb4 15. Qd2 Ne8 16. Rad1 Nc7 17. Bb6 Bxb5 18. Nxb5 Nba6 19. e5 Qd7 20. Nxc7 Nxc7 21. Qxa5 Ne6 22. Qd2 Ra8 23. a4 Ra6 24. a5 Bh6 25. Bg4 f5 26. exf6 Rxf6 27. Qd5 Kf7 28. Rde1 Ra8 29. Bd4 Rxa5 30. Qxa5 Nxd4 31. Bxd7 1-0

[Event "*** SCC Grand Prix: Titled Tuesday Blitz"]
[Site "Chess.com"]
[Date "2020.09.08"]
[Round "4"]
[White "vizumatv4hoda"]
[Black "OminousOmen"]
[Result "0-1"]
[WhiteElo "2746"]
[BlackElo "2939"]
[TimeControl "180+1"]
[EndTime "10:38:49 PDT"]
[Termination "OminousOmen won by resignation"]

1. e4 Nc6 2. Nf3 d6 3. d4 Nf6 4. Nc3 g6 5. Bc4 Bg7 6. h3 O-O 7. Bb3 Na5 8. O-O Nxb3 9. axb3 d5 10. e5 Ne4 11. Nxe4 dxe4 12. Ng5 c5 13. c3 cxd4 14.
cxd4 Qd5 15. Re1 Bf5 16. g4 Bd7 17. Nxe4 Bc6 18. g5 Rfd8 19. Bf4 Qxd4 20. Qe2 Bxe5 21. Qf3 Bxf4 22. Qxf4 Qxb2 23. Nc5 Rd5 24. Rab1 Qc3 25. Ne4 Qxh3 26. Re3 Qf5 27. Qg3 Re5 28. f3 Bxe4 29.
fxe4 Qxg5 30. Kf2 Qxg3+ 31. Kxg3 Rd8 32. Kf4 f6 33. Ra1 a6 34. Rc1 Rd7 35. Rc8+ Kg7 36. Rb8 h5 37. Rc3 g5+ 38. Kf3 Rb5 39. Ke3 h4 40.
Kf3 Rb4 41. Kg4 Rxe4+ 42. Kh5 h3 43. Rxh3 Rdd4 0-1

[Event "*** SCC Grand Prix: Titled Tuesday Blitz"]
[Site "Chess.com"]
[Date "2020.09.08"]
[Round "4"]
[White "albi1999"]
[Black "TigrVShlyape"]
[Result "1/2-1/2"]
[WhiteElo "2622"]
[BlackElo "2811"]
[TimeControl "180+1"]
[EndTime "10:38:50 PDT"]
[Termination "Game drawn by repetition"]

1. d4 Nf6 2. c4 e6 3. Nf3 b6 4. g3 Ba6 5. b3 c6 6. Bg2 d5 7. Qc2 Nbd7 8. O-O Be7 9. Bb2 Rc8 10. Rd1 O-O 11. h3 Qc7 12. Nbd2 Rfd8 13. e4 Qb8 14. Rac1 h6 15. Qb1 Bf8 16. e5 Ne8 17.
cxd5 cxd5 18. Nf1 Rxc1 19. Rxc1 Rc8 20. Ne3 Rxc1+ 21. Qxc1 Qc8 22. Qxc8 Bxc8 23. Bf1 Nc7 24. Nc2 Ba6 25. Nfe1 Bxf1 26. Kxf1 f6 27. f4 Kf7 28. Ke2 g5 29. Kf3 gxf4 30. gxf4 f5 31. Nd3 a5 32. a4 Nb8 33. Ba3 Bxa3 34. Nxa3 Nc6 35. Nc2 Na6 36. Kg3 Kg6 37. Kh4 Nc7 38. Kg3 Na6 39. Kh4 Nab4 40. Ndxb4 axb4 41. Kg3 Kh5 42. h4 Kg6 43. Kh3 Na5 44. Na1 Kh5 45. Kg3 Kg6 46. Kh3 Kh5 47. Kg3 Kg6 48. Kh3 1/2-1/2

[Event "*** SCC Grand Prix: Titled Tuesday Blitz"]
[Site "Chess.com"]
[Date "2020.09.08"]
[Round "4"]
[White "GMaka"]
[Black "chesslh19"]
[Result "1-0"]
[WhiteElo "2364"]
[BlackElo "2204"]
[TimeControl "180+1"]
[EndTime "10:38:51 PDT"]
[Termination "GMaka won by resignation"]

1. b3 e5 2. Bb2 Nc6 3. e3 Nf6 4. Bb5 Bd6 5. Bxc6 dxc6 6. d3 O-O 7. e4 c5 8. Ne2 Re8 9. Nd2 Nd7 10. O-O Nf8 11.
f4 exf4 12. Nxf4 Ng6 13. Nxg6 hxg6 14. Qf3 f6 15. Nc4 Be6 16. e5 Bxc4 17. exf6 gxf6 18. bxc4 Be5 19. Bxe5 Rxe5 20. Qxf6 Rf5 21. Qxg6+ Kh8 22. Qxf5 Qd4+ 23. Kh1 1-0

[Event "*** SCC Grand Prix: Titled Tuesday Blitz"]
[Site "Chess.com"]
[Date "2020.09.08"]
[Round "4"]
[White "Pultis"]
[Black "louis198"]
[Result "1-0"]
[WhiteElo "2737"]
[BlackElo "2502"]
[TimeControl "180+1"]
[EndTime "10:38:52 PDT"]
[Termination "Pultis won by checkmate"]

1. e4 e6 2. d4 d5 3. Nd2 Nc6 4. Ngf3 Nf6 5. e5 Nd7 6. c3 f6 7.
exf6 Qxf6 8. Qb3 Bd6 9. Bd3 O-O 10. Nf1 Nb6 11. Qc2 h6 12. Ng3 e5 13. dxe5 Nxe5 14. Nxe5 Qxe5+ 15. Be3 Bc5 16. O-O Bxe3 17.
fxe3 Qxe3+ 18. Kh1 Bg4 19. Bh7+ Kh8 20. Bf5 Bxf5 21. Nxf5 Qg5 22. Rf3 Rae8 23. Raf1 Nc4 24.
Qf2 Ne5 25. h4 Qh5 26. Rf4 Ng6 27. Qg3 Nxf4 28. Qxg7# 1-0